 Dungeon Crawl Stone Soup version 0.18-a0-867-gfd1cc8f (webtiles) character file.

6923 root the Covert (level 11, -8/75 HPs)
             Began as an Octopode Assassin on Dec 21, 2015.
             Was the Champion of Zin.
             Mangled by a polar bear simulacrum (13 damage)
             ... in an ice cave.
             The game lasted 01:11:49 (11602 turns).

root the Covert (Octopode Assassin)                Turns: 11602, Time: 01:11:49

Health: -8/75      AC:  1    Str: 14    XL:     11   Next: 7%
Magic:  12/12      EV: 19    Int: 13    God:    Zin [******]
Gold:   294        SH:  8    Dex: 18    Spells: 0 memorised, 10 levels left

rFire  + . .     SeeInvis .     X - +8 dagger of the Hall of Blades {holy, MR+}
rCold  . . .     Gourm    .     t - +0 buckler
rNeg   + . .     Faith    .     (helmet restricted)
rPois  .         Spirit   .     H - +3 amulet of reflection
rElec  .         Dismiss  .     y - ring of positive energy
rCorr  .         Reflect  +     i - ring of protection from fire
SustAt .         Harm     .     S - ring of flight
MR     +....                    q - +4 ring of dexterity
Stlth  +++++++...               (no ring)
                                (no ring)
                                (no ring)
                                (no ring)

@: somewhat resistant to hostile enchantments, extremely stealthy
A: almost no armour, amphibious, 8 rings, constrict 8, camouflage 1, gelatinous
body 1
a: Recite, Vitalisation, Imprison, Sanctuary, Donate Gold, Cure All Mutations,
Renounce Religion, Evoke Flight


You were in an ice cave.
You worshipped Zin.
Zin was exalted by your worship.
You were hungry.

You visited 3 branches of the dungeon, and saw 13 of its levels.
You also visited: Sewer and Ice Cave.

You collected 746 gold pieces.
You spent 378 gold pieces at shops.
You donated 74 gold pieces to Zin.

Inventory:

Hand Weapons
 b - a +0 blowgun
 o - a +4 scimitar of flaming
 X - the +8 dagger of the Hall of Blades (weapon) {holy, MR+}
   (You found it on level 8 of the Dungeon)

   It has been blessed by the Shining One to cause great damage to the undead
   and demons.
   It affects your resistance to hostile enchantments.
Missiles
 c - 21 poisoned needles
 d - 2 curare-tipped needles
 T - 4 needles of frenzy
Armour
 t - a +0 buckler (worn)
Jewellery
 i - a ring of protection from fire (right tentacle)
 k - an uncursed amulet of regeneration
 q - a +4 ring of dexterity (on tentacle)
 y - a ring of positive energy (left tentacle)
 H - a +3 amulet of reflection (around mantle)
 S - a ring of flight (on tentacle)
Wands
 a - a wand of fire (10/15)
 K - a wand of enslavement (18/24)
 W - a wand of fire (7/15)
Scrolls
 g - 2 scrolls of enchant armour {unknown}
 j - 3 scrolls of fear
 p - 3 scrolls of amnesia {unknown}
 r - 2 scrolls of noise {unknown}
 s - 2 scrolls of recharging {unknown}
 z - 5 scrolls of identify
 A - 10 scrolls of teleportation
 B - a scroll of immolation {unknown}
 D - 4 scrolls of remove curse
 I - a scroll of blinking {unknown}
 M - 3 scrolls of enchant weapon {unknown}
 N - 4 scrolls of random uselessness {unknown}
 P - a scroll of fog {unknown}
 U - 2 scrolls of magic mapping
 Z - a scroll of holy word {unknown}
Potions
 l - 2 potions of resistance
 n - 9 potions of curing
 u - 2 potions of cancellation
 C - 2 potions of flight
 F - a potion of magic
 V - 2 potions of heal wounds
Comestibles
 f - 6 bread rations
 h - 8 meat rations
 x - a beef jerky
 R - a royal jelly
 Y - a slice of pizza


   Skills:
 + Level 7.0 Fighting
 + Level 5.0 Short Blades
 + Level 5.6 Throwing
 + Level 9.6 Dodging
 - Level 13.0 Stealth
 + Level 2.4 Shields
 + Level 2.6 Invocations


You had 10 spell levels left.
You didn't know any spells.

Dungeon Overview and Level Annotations

Branches:
Dungeon (11/15)            Temple (1/1) D:5            Lair (1/8) D:11
    Orc (0/2) D:11

Altars:
Dithmenos
Qazlal
Xom
Zin

Shops:
D:4 *   D:8 *

Annotations:
D:5 benitares's ghost, novice DsMo
D:8 George's ghost, novice MiFi


Innate Abilities, Weirdness & Mutations

You cannot wear most types of armour.
You are amphibious.
You can wear up to eight rings at the same time.
You can use your tentacles to constrict eight enemies at once.
Your skin changes colour to match your surroundings (Stealth).
Your rubbery body absorbs attacks (AC +1).


Message History

You hit the polar bear simulacrum.
The polar bear simulacrum convulses.
You block the elephant simulacrum's attack.
The elephant simulacrum closely misses you.
You hit the polar bear simulacrum but do no damage.
You squeeze the polar bear simulacrum, but do no damage.
The polar bear simulacrum barely misses you.
The polar bear simulacrum misses you. The polar bear simulacrum claws you.
The polar bear simulacrum freezes you!!
The elephant simulacrum closely misses you.
The elephant simulacrum misses you. The polar bear simulacrum bites you!
The polar bear simulacrum freezes you!
* * * LOW HITPOINT WARNING * * *
The polar bear simulacrum claws you.
* * * LOW HITPOINT WARNING * * *
The polar bear simulacrum freezes you!! Zin protects you from harm!
The polar bear simulacrum claws you.
* * * LOW HITPOINT WARNING * * *
The polar bear simulacrum freezes you!
You die...

#### ######..##
##§.##....##
##.Z.Z......#
#...§@..∩.∩.#
#....##.......#
##..# ###....##
### ##..## ####


You could see an elephant simulacrum and a polar bear simulacrum.

Vanquished Creatures
  Erolcha (D:8)
  Erica (D:10)
  Pikel (D:9)
  Psyche (D:11)
  A troll (D:11)
  Eustachio (D:6)
  A hippogriff (D:10)
  A water moccasin (D:8)
  A porcupine (Lair:1)
  An eye of draining (D:9)
  A phantom (D:10)
  2 necrophages (D:9)
  8 ogres
  3 sky beasts
  A centaur (D:9)
  6 giant frogs
  An elephant simulacrum (IceCv)
  22 killer bees
  A quasit (D:7)
  A centaur skeleton (D:9)
  4 centaur zombies
  4 giant frog skeletons
  3 jellies
  3 orc priests
  3 hounds
  7 worker ants
  An iguana (D:10)
  Ijyb (D:2)
  9 orc wizards
  A wolf simulacrum (IceCv)
  11 adders
  4 gnolls
  2 shadow imps
  A river rat (D:11)
  5 oozes
  2 adder skeletons
  8 worms
  8 giant geckos
  13 orcs
  9 giant cockroaches
  18 goblins
  13 hobgoblins
  4 kobolds
  2 quokkas
  3 ball pythons
  A ball python zombie (D:6)
  16 bats
  A giant gecko zombie (D:5)
  9 giant newts
  16 jackals
  2 quokka skeletons
  7 rats
247 creatures vanquished.

Vanquished Creatures (others)
  13 fungi (D:11)
  3 plants (D:11)
16 creatures vanquished.

Grand Total: 263 creatures vanquished

Notes
Turn   | Place    | Note
--------------------------------------------------------------
     0 | D:1      | root the Octopode Assassin began the quest for the Orb.
     0 | D:1      | Reached XP level 1. HP: 14/14 MP: 1/1
   331 | D:1      | Reached XP level 2. HP: 19/19 MP: 2/2
   350 | D:1      | Reached skill level 6 in Stealth
   810 | D:1      | Reached XP level 3. HP: 21/24 MP: 3/3
  1470 | D:2      | Reached skill level 7 in Stealth
  1470 | D:2      | Reached XP level 4. HP: 30/30 MP: 4/4
  1615 | D:2      | Noticed Ijyb
  1740 | D:2      | Killed Ijyb
  1799 | D:2      | Reached XP level 5. HP: 35/35 MP: 5/5
  1973 | D:2      | Found a faded altar to an unknown god.
  1984 | D:2      | Became a worshipper of Zin the Law-Giver
  1984 | D:2      | Reached * piety under Zin
  2542 | D:3      | Noticed an ogre
  2609 | D:3      | Killed an ogre
  2609 | D:3      | Reached skill level 8 in Stealth
  2611 | D:3      | Reached XP level 6. HP: 19/41 MP: 6/6
  2942 | D:3      | Found a stormy altar of Qazlal.
  2962 | D:3      | Reached ** piety under Zin
  3300 | D:4      | Found a shadowy altar of Dithmenos.
  3323 | D:4      | Reached skill level 9 in Stealth
  3403 | D:4      | Reached *** piety under Zin
  3663 | D:4      | Found a glowing drain.
  3695 | Sewer    | Entered a sewer
  4258 | D:4      | Reached XP level 7. HP: 41/46 MP: 7/7
  4270 | D:4      | Found Mistrof's General Store.
  4277 | D:4      | Bought a scroll of remove curse for 39 gold pieces
  4277 | D:4      | Bought a scroll of identify for 26 gold pieces
  4277 | D:4      | Bought a potion of heal wounds for 65 gold pieces
  4277 | D:4      | Bought a scroll of teleportation for 39 gold pieces
  4812 | D:5      | Entered Level 5 of the Dungeon
  4812 | D:5      | Found a staircase to the Ecumenical Temple.
  4865 | D:4      | Reached skill level 10 in Stealth
  5165 | Temple   | Entered the Ecumenical Temple
  5280 | D:5      | Reached **** piety under Zin
  5317 | D:5      | Noticed benitares's ghost (novice DsMo)
  5350 | D:6      | Reached skill level 1 in Invocations
  5573 | D:6      | Found a glowing silver altar of Zin.
  5596 | D:6      | Noticed Eustachio
  5708 | D:6      | Reached skill level 11 in Stealth
  5761 | D:6      | Reached XP level 8. HP: 42/52 MP: 9/9
  5839 | D:6      | Killed Eustachio
  6900 | D:7      | Reached skill level 12 in Stealth
  6971 | D:7      | Reached ***** piety under Zin
  7576 | D:7      | Reached XP level 9. HP: 45/58 MP: 10/10
  8018 | D:8      | Found Maliakhle's General Store.
  8194 | D:8      | Bought a scroll of identify for 30 gold pieces
  8194 | D:8      | Bought a scroll of identify for 30 gold pieces
  8194 | D:8      | Bought a scroll of magic mapping for 52 gold pieces
  8194 | D:8      | Bought a scroll of fear for 52 gold pieces
  8194 | D:8      | Bought a potion of curing for 45 gold pieces
  8210 | D:8      | Noticed George's ghost (novice MiFi)
  8237 | D:8      | Reached skill level 13 in Stealth
  8250 | D:8      | Got a crude dagger
  8251 | D:8      | Identified the +8 dagger of the Hall of Blades {holy, MR+} (You found it on level 8 of the Dungeon)
  8276 | D:8      | Reached skill level 5 in Dodging
  8719 | D:8      | Found a shimmering altar of Xom.
  8748 | D:8      | Noticed Erolcha
  8829 | D:8      | Killed Erolcha
  8829 | D:8      | Reached skill level 5 in Fighting
  9094 | D:9      | Reached skill level 5 in Throwing
  9259 | D:9      | Reached XP level 10. HP: 66/66 MP: 11/11
  9330 | D:9      | Noticed Pikel
  9368 | D:9      | Killed Pikel
  9598 | D:10     | Entered Level 10 of the Dungeon
  9601 | D:10     | Noticed Erica
  9614 | D:10     | Killed Erica
 10232 | D:10     | Reached ****** piety under Zin
 10366 | D:10     | Reached skill level 1 in Shields
 10783 | D:11     | Found a staircase to the Orcish Mines.
 11230 | D:11     | Noticed Psyche
 11237 | D:11     | Killed Psyche
 11237 | D:11     | Reached XP level 11. HP: 74/74 MP: 12/12
 11322 | D:11     | Reached skill level 5 in Short Blades
 11490 | D:11     | Found a staircase to the Lair.
 11521 | Lair:1   | Entered Level 1 of the Lair of Beasts
 11540 | Lair:1   | Found a frozen archway.
 11592 | IceCv    | Entered an ice cave
 11602 | IceCv    | Zin protects you from harm!
 11602 | IceCv    | Mangled by a polar bear simulacrum

Vault maps used:
D:1:      tarquinn_simple_flora_water_b, st_stairs_5, grunt_decor_cap
D:2:      kennysheep_goblin_castle, ecumenical_altar_1
D:3:      grunt_qazlal_clouds
D:4:      nicolae_dithmenos_the_darkroom, first_bread, serial_shops, shop,
          portal_sewer_entry_f
D:5:      minmay_overflow_temple_hex, minmay_temple_entry_trees
D:6:      serial_co_window_serial, co_window_corner_a, co_window_paths_a,
          co_window_cross_1, co_window_paths_b, co_window_paths_a,
          co_window_paths_c, co_window_unsneaky_path_e,
          co_window_of_opportunity_c, co_window_paths_c,
          co_window_unsneaky_path_c, co_window_paths_d, glass_columns_c,
          glass_columns_a, glass_columns_c, glass_columns_b, basic_altar,
          patterned_corridor, uniq_eustachio
D:8:      nicolae_overflow_crystal_walls, serial_shops,
          nicolae_shop_temple_entry_statues_fountains, uniq_erolcha
D:9:      uniq_pikel
D:10:     uniq_erica
D:11:     hangedman_cross_veins, due_lair_maze_entry_diamond, uniq_psyche
Temple:   dpeg_five_rooms_temple_12
Lair:1:   portal_ice_cave_entry_pillars_02, minivault_19,
          grunt_forest_small_clearing_treed
Sewer:    sewer_fruit_machine
IceCv:    ice_cave_small_necro

Action                   |  1- 3 |  4- 6 |  7- 9 | 10-12 || total
-------------------------+-------+-------+-------+-------++-------
Melee: Dagger            |    72 |    32 |    43 |   171 ||   318
       Club              |       |   100 |   140 |       ||   240
 Fire: Blowgun           |       |    13 |    29 |     8 ||    50
Invok: Recite            |       |       |     2 |       ||     2
  Use: Scroll            |       |       |     7 |     3 ||    10
       Potion            |       |       |     3 |     2 ||     5
 Stab: Sleeping          |    11 |    32 |    33 |    12 ||    88
       Distracted        |       |       |     3 |     4 ||     7
  Eat: Chunk             |     2 |    11 |    13 |     4 ||    30
       Fruit             |       |       |     4 |     3 ||     7
